 Dungeon Crawl Stone Soup version 0.31-a0-233-g139696dc86 (webtiles) character file.

Game seed: 8296701803907783156

47 cowhearter the Trooper (level 3, -2/29 HPs)
             Began as a Demonspawn Monk on July 8, 2023.
             Slain by a black bear (6 damage)
             ... on level 2 of the Dungeon.
             The game lasted 00:02:31 (1017 turns).

cowhearter the Trooper (Demonspawn Monk)            Turns: 1017, Time: 00:02:33

Health: -2/29      AC:  4    Str: 13    XL:     3   Next: 48%
Magic:  3/3        EV: 13    Int: 11    God:
Gold:   53         SH:  0    Dex: 15    Spells: 2/2 levels left

rFire   . . .        a - +0 falchion
rCold   . . .        d - orb {light}
rNeg    . . .        b - +0 robe
rPois   .            (no helmet)
rElec   .            (no cloak)
rCorr   .            (no gloves)
SInv    .            (no boots)
Will    .....        (no amulet)
Stlth   +            (no ring)
HPRegen 0.24/turn    (no ring)
MPRegen 0.08/turn

%: no passive effects
@: glowing
A: hooves 1, molten scales 1
a: no special abilities


You were on level 2 of the Dungeon.
You visited 1 branch of the dungeon, and saw 2 of its levels.

You collected 53 gold pieces.

Inventory:

Hand Weapons
 a - a +0 falchion (weapon)
Armour
 b - a +0 robe (worn)
 d - an orb of light (worn)
 h - a +0 chain mail
Jewellery
 f - an amulet of the acrobat
Scrolls
 e - a scroll of enchant weapon {unknown}
 g - 5 scrolls of identify {unknown}
 i - a scroll of immolation {unknown}
Potions
 c - a potion of ambrosia
 j - a potion of enlightenment {unknown}


   Skills:
 * Level 3.5 Fighting
 * Level 3.5 Long Blades
 + Level 3.0 Dodging


You had 2 spell levels left.
You didn't know any spells.
Your spell library contained the following spells:

 Spells                   Type           Power      Damage    Failure   Level
 Vhi's Electric Charge    Tloc/Air       0%         N/A       71%         3
 Arcjolt                  Conj/Air       0%         1d10      100%        5
 Maxwell's Capacitive Co  Air            0%         ∞         100%        8


Dungeon Overview and Level Annotations

Branches:
Dungeon (2/15)

Altars:

Shops:
D:2 [


Innate Abilities, Weirdness & Mutations

You have large cloven feet.
You are partially covered in molten scales. (AC +2)


Message History

The ball python barely misses you. The ball python misses you.
You slash the ball python!
You kill the ball python!
Found a war axe.
You see here a ball python corpse.
You start waiting.
Done waiting.
Found a spear.
A black bear comes into view.
The black bear growls angrily.
A black bear is nearby!
The black bear bites you! The black bear barely misses you.
The black bear claws you.
You see here a scroll labelled TYOTUEGROU.
You hit the black bear.
The black bear is moderately wounded.
The black bear misses you. The black bear barely misses you.
The black bear misses you.
You hit the black bear.
The black bear is moderately wounded.
The black bear bites you.
The black bear claws you but does no damage.
The black bear completely misses you.
You slash the black bear! You kick the black bear.
The black bear is severely wounded.
The black bear goes berserk!
You hit the black bear.
The black bear is almost dead.
The black bear barely misses you. The black bear claws you. x2
* * * LOW HITPOINT WARNING * * *
The black bear barely misses you. The black bear closely misses you.
The black bear misses you.
You hit the black bear.
The black bear is almost dead.
The black bear bites you.
* * * LOW HITPOINT WARNING * * *
The black bear claws you.
* * * LOW HITPOINT WARNING * * *
The black bear closely misses you. The black bear bites you.
You die...

## #..#..# ..#
#..#..####..##
######..#..........
................)$. .
..####...........# ..
#.####.##.......#####...
#.........#.#.#.........
#.#.....................
#.#####.†.#.#.#.@h.....#
#.# #†#........#####.#
#.# #.#.#.#.#.## #.#
#.#.......# #.#
#..)..##### #.# #######


You could see a black bear (berserk).

Vanquished Creatures
  3 adders (D:2)
  A dart slug (D:1)
  A ball python (D:2)
  An endoplasm (D:1)
  4 giant cockroaches (D:1)
  2 goblins (D:1)
  A hobgoblin (D:1)
  A quokka (D:1)
  A bat (D:1)
  2 frilled lizards (D:1)
  A kobold (D:1)
  A rat (D:2)
19 creatures vanquished.

Notes
Turn   | Place    | Note
-------+----------+-------------------------------------------
     0 | D:1      | cowhearter the Demonspawn Monk began the quest for the Orb.
     0 | D:1      | Reached XP level 1. HP: 18/18 MP: 1/1
   322 | D:1      | Gained mutation: You have large cloven feet. [demonic
                  | ancestry]
   322 | D:1      | Reached XP level 2. HP: 24/24 MP: 2/2
   842 | D:2      | Gained mutation: You are partially covered in molten
                  | scales. (AC +2) [demonic ancestry]
   842 | D:2      | Reached XP level 3. HP: 27/29 MP: 3/3
   858 | D:2      | Found Noqon's Armour Emporium.
  1009 | D:2      | Noticed a black bear
  1017 | D:2      | Slain by a black bear

Illustrated notes

Levels and vault maps discovered:
D:1:      dpeg_arrival_stone_temple_mockup, layout_loops_ring
D:2:      layout_basic, serial_glass, glass_columns_b, glass_columns_b,
          basic_altar, serial_shops, nicolae_shop_pleasant_corner_grove

Skill      XL: |  1  2 |
---------------+-------+-----
Long Blades    | 3 |  3.5
Dodging        | 3 |  3.0
Fighting       | |  3.5

Action                     || total
---------------------------++-------
  Melee: Falchion          ||    57
         Kick              ||     4
 Armour: Robe              ||    11
  Dodge: Dodged            ||    61

Table legend: (Time is in decaauts)
 A = Elapsed time spent in this place.
 B = Non-inter-level travel time spent in this place.
 C = Inter-level travel time spent in this place.
 D = Time resting spent in this place.
 E = Time spent auto-exploring this place.
 F = Levels seen in this place.
 G = Mean time per level.
                   A        B        C        D        E       F      G
               +--------+--------+--------+--------+--------+-----+--------+
         Total |   1024 |    894 |    130 |    112 |    582 |   2 |  512.0 |
       Dungeon |   1024 |    894 |    130 |    112 |    582 |   2 |  512.0 |
               +--------+--------+--------+--------+--------+-----+--------+

Top non-repeatable levels by time:
     D:1: 800 daAuts
     D:2: 223 daAuts
